 Dungeon Crawl Stone Soup version 0.17-a0-1079-g9903972 (webtiles) character file.

57159 Kisielow the Basher (level 14, -12/127 HPs)
             Began as a Minotaur Fighter on May 19, 2015.
             Was a High Priest of Okawaru.
             Mangled by a spiny frog (15 damage)
             ... on level 8 of the Lair of Beasts.
             The game lasted 01:11:51 (23890 turns).

Kisielow the Basher (Minotaur Fighter)             Turns: 23890, Time: 01:11:51

Health: -12/127    AC: 27    Str: 29    XL:     14   Next: 44%
Magic:  28/28      EV:  8    Int:  5    God:    Okawaru [*****.]
Gold:   1075       SH: 14    Dex: 10    Spells: 0 memorised, 13 levels left

rFire  . . .     SeeInvis +     J - +8 broad axe of Wrongful Imprisonment {elec, MP+9 Str+3}
rCold  + . .     Clarity  .     G - +0 plate armour
rNeg   . . .     SustAb   .     c - +0 shield
rPois  +         Gourm    .     (helmet restricted)
rElec  .         Spirit   .     N - +2 cloak {+Inv}
rCorr  +         Warding  .     f - +2 pair of gloves
rMut   .         Stasis   .     b - +2 pair of boots
MR     +....                    B - amulet of resist corrosion
Stlth  ..........               E - ring of poison resistance
                                m - +1 ring of slaying

@: about to teleport, very slightly contaminated, invisible (expiring), somewhat
resistant to hostile enchantments, extremely unstealthy
A: retaliatory headbutt, horns 2, see invisible, cold resistance 1, mutation
resistance 1, slow healing 1
a: Heroism, Finesse, Renounce Religion, Turn Visible


You were on level 8 of the Lair of Beasts.
You worshipped Okawaru.
Okawaru was extremely pleased with you.
You were hungry.

You visited 3 branches of the dungeon, and saw 19 of its levels.

You collected 1075 gold pieces.

Inventory:

Hand weapons
 v - a +2 lajatang of distortion
 A - a +0 whip of electrocution
 J - the +8 broad axe of Wrongful Imprisonment (weapon) {elec, MP+9 Str+3}
   (You found it on level 8 of the Lair of Beasts)

   Occasionally, upon striking a foe, it will discharge some electrical energy
   and cause terrible harm.
   It affects your strength (+3).
   It affects your magic capacity (+9).
Armour
 b - a +2 pair of boots (worn)
 c - a +0 shield (worn)
 f - a +2 pair of gloves (worn)
 G - a +0 plate armour (worn)
 N - a +2 cloak of invisibility (worn)
Jewellery
 m - a +1 ring of slaying (left hand)
 u - an uncursed ring of protection from cold
 B - an amulet of resist corrosion (around neck)
 D - an uncursed ring of ice
 E - a ring of poison resistance (right hand)
 T - an uncursed ring of magical power
Magical devices
 w - a wand of teleportation (0)
 x - a wand of digging (8)
 y - a wand of paralysis (6)
 H - a wand of hasting (4)
 U - a wand of lightning (9)
 V - a wand of digging (6)
 Y - a wand of polymorph (1)
 Z - a wand of slowing (17)
Scrolls
 d - a scroll of blinking
 k - 11 scrolls of remove curse
 l - 2 scrolls of identify
 t - a scroll of fog
 z - 4 scrolls of magic mapping
 F - a scroll of enchant armour
 K - 2 scrolls of holy word
 M - 2 scrolls of teleportation
Potions
 g - 2 potions of lignification
 i - 2 potions of flight
 p - a potion of agility
 q - a potion of brilliance
 s - 3 potions of curing
Books
 h - a book of Callings

   Spells                             Type                      Level
   a - Summon Small Mammal            Summoning                    1
   b - Call Imp                       Summoning                    2
   c - Call Canine Familiar           Summoning                    3
   d - Summon Guardian Golem          Hexes/Summoning              3
   e - Summon Lightning Spire         Summoning/Air                4
   f - Summon Ice Beast               Ice/Summoning                4
 o - a Grand Grimoire {highlevel, unknown}

   This book is beyond your current level of understanding.

   Spells                             Type                      Level
   a - Monstrous Menagerie            Summoning                    6
   b - Summon Greater Demon           Summoning                    7
   c - Malign Gateway                 Summoning/Translocation      7
   d - Summon Horrible Things         Summoning                    8
Miscellaneous
 a - a disc of storms
 I - a legendary deck of summoning {drawn: 3}
Comestibles
 e - 15 bread rations
 j - 9 meat rations
 n - 2 chunks of flesh
 r - a royal jelly
 C - 7 beef jerkies


   Skills:
 + Level 12.6 Fighting
 - Level 14.2 Maces & Flails
 + Level 13.9 Armour
 + Level 13.9 Shields
 - Level 7.0 Invocations
 - Level 9.0 Evocations


You had 13 spell levels left.
You didn't know any spells.

Dungeon Overview and Level Annotations

Branches:
Dungeon (10/15)            Temple (1/1) D:5            Lair (8/8) D:8
  Swamp (0/4) Lair:3       Spider (0/4) Lair:6        Slime (0/6) Lair:7
    Orc: D:9-12

Altars:
Ashenzari
Cheibriados
Dithmenos
Elyvilon
Fedhas
Gozag
Kikubaaqudgha
Makhleb
Nemelex Xobeh
Okawaru
Qazlal
Ru
Sif Muna
Trog
Vehumet
Xom
Yredelemnul
Zin
The Shining One

Shops:
D:8 =


Innate Abilities, Weirdness & Mutations

You reflexively headbutt those who attack you in melee.
You have a pair of horns on your head.
You have supernaturally acute eyesight.
Your flesh is cold resistant.
You are somewhat resistant to further mutation.
You heal slowly when monsters are visible.


Message History

The spiny frog stings you but does no damage.
The electric eel shoots out a bolt of lightning at the spiny frog!
The bolt of electricity hits the plant.
The bolt of electricity misses you.
The bolt of electricity hits the spiny frog.
The bolt of electricity hits the plant.
The spiny frog stings you but does no damage.
You block the giant leech's attack. The spiny frog stings you!
* * * LOW HITPOINT WARNING * * *
The giant frog completely misses the plant.
You block the spiny frog's attack.
The electric eel shoots out a bolt of lightning at the spiny frog!
The bolt of electricity hits the plant.
The bolt of electricity hits the spiny frog.
The bolt of electricity hits the plant.
Some of the chunks of flesh in your inventory have rotted away.
The spiny frog croaks.
The giant frog hits the plant!
The spiny frog closely misses you. You furiously retaliate!
You headbutt the spiny frog! You block the giant leech's attack.
The spiny frog stings you!
You die...

......≈...≈.≈.≈≈≈.≈..P≈.P.≈.
...P;.≈....≈.≈≈≈≈.≈≈≈≈≈≈P≈≈≈
...≈≈≈≈≈≈≈≈≈≈≈≈≈≈≈≈≈≈≈
≈≈≈≈≈≈≈≈≈≈≈≈≈†≈≈≈≈≈≈≈≈
≈≈≈≈≈.≈≈≈≈≈≈≈≈≈≈≈≈.≈≈≈
≈≈≈≈≈≈P≈≈.≈≈≈.P≈≈≈≈≈.≈
≈≈≈≈≈≈≈≈≈≈.;≈≈≈.≈≈≈≈≈≈
≈≈≈≈≈≈P≈FFwPP≈≈≈≈≈≈≈≈≈
≈≈≈≈P≈≈FP@..P.≈P≈≈P≈≈
≈≈≈≈FPF!!P≈.;≈≈≈≈.≈
≈≈≈P≈P|$[).P≈≈≈≈≈≈≈
P≈≈≈.≈)$[P..PP≈≈P≈.
≈≈.≈≈≈P≈..;≈≈.≈P≈ ..P≈≈≈
≈≈≈≈≈≈P≈P≈≈≈≈≈≈ .PP≈P≈≈
≈≈≈.≈≈≈P≈≈≈≈≈≈≈ .P≈≈≈≈≈
≈≈≈≈P≈≈≈≈≈≈≈≈≈≈ ..≈.≈≈≈


You could see a giant leech, 3 spiny frogs, 2 giant frogs and 3 electric eels.

Vanquished Creatures
  Rupert (Lair:5)
  The ghost of Kisielow the Cleaver, a powerful MiFi of Okawaru (Lair:5)
  A dire elephant (Lair:3)
  Josephine (Lair:7)
  10 hydras
  2 catoblepae
  Erolcha (D:8)
  6 death yaks
  Nergalle (Lair:2)
  Pikel (D:5)
  A shambling mangrove (Lair:8)
  A hill giant (D:10)
  A griffon (Lair:3)
  2 elephants (Lair:7)
  13 spiny frogs
  3 fire drakes
  5 black mambas
  3 komodo dragons
  A polar bear (Lair:4)
  2 jumping spiders
  A troll (D:10)
  2 giant leeches (Lair:8)
  2 slime creatures (Lair:7)
  Grinder (D:5)
  17 blink frogs
  A trapdoor spider zombie (D:8)
  3 ravens (Lair:8)
  2 two-headed ogres
  Sigmund (D:5)
  43 yaks
  5 wraiths (Lair:7)
  2 wyverns
  A hungry ghost (D:10)
  6 basilisks
  2 vampire mosquitoes
  A fire elemental (D:5)
  10 hippogriffs
  14 wolves
  6 wandering mushrooms
  Edmund (D:5)
  10 porcupines
  7 water moccasins
  3 ice beasts
  2 orc warriors (D:8)
  16 crocodiles
  The ghost of Lektor the Magician, an average NaWz (D:3)
  A black bear (D:10)
  7 centaurs
  8 ogres
  4 phantoms
  2 sky beasts (D:8)
  A wasp (Lair:3)
  A big kobold (D:9)
  23 giant frogs
  5 scorpions
  A wyvern skeleton (D:8)
  5 electric eels
  8 crimson imps
  A quasit (D:8)
  A centaur zombie (D:8)
  9 jellies
  2 orc wizards (D:5)
  5 worker ants
  9 iguanas
  Crazy Yiuf (D:3)
  2 orc priests
  A giant frog skeleton (D:6)
  2 hounds
  3 hell rats (Lair:4)
  22 sheep
  A hound zombie (D:8)
  13 adders
  40 river rats
  2 shadow imps
  2 oozes
  5 adder skeletons
  2 worms
  3 giant geckos
  30 orcs
  14 bats
  7 giant cockroaches
  7 goblins
  7 hobgoblins
  3 jackals
  19 kobolds
  7 quokkas
  4 ball pythons
  2 giant newts
  A quokka zombie (D:6)
  23 rats
  8 spectral orcs (Lair:2)
  A bush (Lair:8)
  A plant (Lair:8)
543 creatures vanquished.

Vanquished Creatures (collateral kills)
  4 spiny frogs (Lair:8)
  6 blink frogs (Lair:8)
  6 vampire mosquitoes (Lair:8)
  A crocodile (Lair:8)
  6 giant frogs (Lair:8)
  2 killer bees (Lair:8)
25 creatures vanquished.

Vanquished Creatures (others)
  2 water elementals (Lair:8)
  3 killer bees (Lair:8)
  2 river rats (Lair:2)
  A bush (Lair:8)
  4 fungi
  11 plants
  5 toadstools (Lair:3)
28 creatures vanquished.

Grand Total: 596 creatures vanquished

Notes
Turn   | Place    | Note
--------------------------------------------------------------
     0 | D:1      | Kisielow the Minotaur Fighter began the quest for the Orb.
     0 | D:1      | Reached XP level 1. HP: 19/19 MP: 0/0
   218 | D:1      | Reached XP level 2. HP: 24/26 MP: 1/1
   379 | D:1      | Reached skill level 4 in Maces & Flails
   514 | D:1      | Reached XP level 3. HP: 31/31 MP: 2/2
   851 | D:2      | Reached skill level 5 in Maces & Flails
  1074 | D:2      | Reached XP level 4. HP: 40/40 MP: 3/3
  1126 | D:2      | Found a shimmering altar of Xom.
  1177 | D:2      | Found a deep blue altar of Sif Muna.
  1768 | D:3      | Noticed Lektor's ghost (average NaWz)
  1790 | D:3      | Killed Lektor's ghost
  1790 | D:3      | Reached XP level 5. HP: 29/47 MP: 4/4
  2104 | D:3      | Noticed Crazy Yiuf
  2113 | D:3      | Killed Crazy Yiuf
  2457 | D:3      | Reached skill level 6 in Maces & Flails
  2457 | D:3      | Reached XP level 6. HP: 53/53 MP: 5/5
  2530 | D:4      | Found a sparkling altar of Nemelex Xobeh.
  2568 | D:4      | Found a glowing golden altar of the Shining One.
  2602 | D:4      | Reached skill level 5 in Armour
  2868 | D:4      | Found an iron altar of Okawaru.
  2872 | D:4      | Became a worshipper of Warmaster Okawaru
  2889 | D:4      | Found a sacrificial altar of Ru.
  3188 | D:4      | Found an opulent altar of Gozag.
  3248 | D:5      | Entered Level 5 of the Dungeon
  3253 | D:5      | Noticed Grinder
  3260 | D:4      | Reached XP level 7. HP: 55/60 MP: 6/6
  3294 | D:5      | Killed Grinder
  3294 | D:5      | Acquired Okawaru's first power
  3294 | D:5      | Reached skill level 5 in Fighting
  3294 | D:5      | Reached skill level 7 in Maces & Flails
  3294 | D:5      | Reached skill level 5 in Shields
  3595 | D:5      | Reached XP level 8. HP: 69/69 MP: 7/7
  3633 | D:5      | Found a burning altar of Makhleb.
  3635 | D:5      | Found a stormy altar of Qazlal.
  3635 | D:5      | Noticed a fire elemental
  3656 | D:5      | Gained mutation: Your muscles are strong. (Str +2) [potion of mutation]
  3656 | D:5      | Lost mutation: Your muscles are strong. (Str +2) [potion of mutation]
  3656 | D:5      | Gained mutation: You heal slowly when monsters are visible. [potion of mutation]
  3658 | D:5      | HP: 1/69 [fire elemental (6)]
  3659 | D:5      | Killed a fire elemental
  3659 | D:5      | Reached skill level 8 in Maces & Flails
  3862 | D:5      | Found a staircase to the Ecumenical Temple.
  4292 | D:5      | Noticed Sigmund
  4310 | D:5      | Killed Sigmund
  4351 | Temple   | Entered the Ecumenical Temple
  4540 | D:5      | Noticed Edmund
  4550 | D:5      | Killed Edmund
  4590 | D:5      | Noticed Pikel
  4609 | D:5      | Killed Pikel
  4609 | D:5      | Reached skill level 9 in Maces & Flails
  4609 | D:5      | Reached XP level 9. HP: 61/78 MP: 8/8
  6112 | D:7      | Found a blossoming altar of Fedhas.
  6184 | D:7      | Reached skill level 10 in Maces & Flails
  6876 | D:8      | Reached skill level 10 in Armour
  7041 | D:8      | Found a shattered altar of Ashenzari.
  7069 | D:8      | Found a staircase to the Lair.
  7329 | D:8      | Found Zixecet's Jewellery Shop.
  7343 | D:8      | Gained mutation: Your flesh is cold resistant. [mutagenic meat]
  7344 | D:8      | Gained mutation: You have supernaturally acute eyesight. [mutagenic meat]
  7345 | D:8      | Gained mutation: You are somewhat resistant to further mutation. [mutagenic meat]
  7411 | D:8      | Noticed Erolcha
  7429 | D:8      | Killed Erolcha
  7429 | D:8      | Reached XP level 10. HP: 64/91 MP: 9/9
  7728 | D:8      | Found a radiant altar of Vehumet.
  7864 | D:8      | Found a shadowy altar of Dithmenos.
  8308 | D:9      | Found a snail-covered altar of Cheibriados.
  8312 | D:9      | Reached skill level 10 in Fighting
  8352 | D:9      | Received a gift from Okawaru
  8510 | D:9      | Reached skill level 10 in Shields
  8810 | D:9      | Found a glowing silver altar of Zin.
  8811 | D:9      | Noticed an angel
  8843 | D:10     | Entered Level 10 of the Dungeon
  8847 | D:10     | Reached skill level 1 in Invocations
  8851 | D:10     | Reached skill level 1 in Evocations
  9200 | D:10     | Noticed a hill giant
  9218 | D:10     | Killed a hill giant
  9218 | D:10     | Acquired Okawaru's second power
  9218 | D:10     | Reached XP level 11. HP: 81/99 MP: 13/13
  9401 | D:10     | Reached skill level 5 in Invocations
 10127 | Lair:1   | Entered Level 1 of the Lair of Beasts
 10177 | Lair:1   | Received a gift from Okawaru
 10177 | Lair:1   | Reached skill level 5 in Evocations
 10180 | Lair:1   | Got a slimy robe {god gift}
 10191 | Lair:1   | Identified the +1 robe of the Wheelwright {MR+} (Okawaru gifted it to you on level 1 of the Lair of Beasts)
 10204 | Lair:1   | Noticed a seven-headed hydra
 10219 | Lair:1   | Killed a seven-headed hydra
 10549 | Lair:1   | Found an opulent altar of Gozag.
 11013 | Lair:2   | Noticed Nergalle
 11072 | Lair:2   | Killed Nergalle
 11584 | Lair:2   | Noticed a six-headed hydra
 11595 | Lair:2   | Killed a six-headed hydra
 11911 | Lair:2   | Noticed a six-headed hydra
 11933 | Lair:2   | Killed a six-headed hydra
 11983 | Lair:2   | Reached XP level 12. HP: 26/106 MP: 17/17
 12286 | Lair:2   | Received a gift from Okawaru
 14373 | Lair:3   | Found a staircase to the Swamp.
 14808 | Lair:3   | Noticed a dire elephant
 14808 | Lair:3   | Noticed a catoblepas
 14995 | Lair:3   | Reached skill level 11 in Shields
 15417 | Lair:3   | Received a gift from Okawaru
 15459 | Lair:3   | HP: 5/162 [yak (9)]
 16572 | Lair:3   | Killed a dire elephant
 16990 | Lair:3   | Killed a catoblepas
 17179 | Lair:4   | Reached XP level 13. HP: 116/116 MP: 18/18
 17345 | Lair:4   | Noticed a seven-headed hydra
 17347 | Lair:4   | Noticed a five-headed hydra
 17376 | Lair:4   | Killed a seven-headed hydra
 17382 | Lair:4   | Killed a five-headed hydra
 17394 | Lair:4   | Received a gift from Okawaru
 17394 | Lair:4   | Reached skill level 12 in Maces & Flails
 19195 | Lair:5   | Noticed Kisielow's ghost (powerful MiFi)
 19216 | Lair:5   | Killed Kisielow's ghost
 19406 | Lair:5   | Noticed Rupert
 19422 | Lair:5   | Killed Rupert
 19422 | Lair:5   | Reached skill level 13 in Maces & Flails
 19784 | Lair:6   | Found a hole to the Spider Nest.
 19981 | Lair:6   | Received a gift from Okawaru
 21039 | Lair:7   | Noticed Josephine
 21063 | Lair:7   | Killed Josephine
 21437 | Lair:7   | Found a staircase to the Slime Pits.
 21517 | Lair:7   | Reached XP level 14. HP: 63/125 MP: 19/19
 22239 | Lair:7   | Reached skill level 14 in Maces & Flails
 22441 | Lair:7   | Received a gift from Okawaru
 22968 | Lair:8   | Entered Level 8 of the Lair of Beasts
 23090 | Lair:8   | Got a translucent broad axe
 23091 | Lair:8   | Identified the +8 broad axe of Wrongful Imprisonment {elec, MP+9 Str+3} (You found it on level 8 of the Lair of Beasts)
 23889 | Lair:8   | HP: 3/127 [spiny frog (15)]
 23890 | Lair:8   | Mangled by a spiny frog

Vault maps used:
D:1:      evilmike_arrival_crescent
D:2:      led_sif_pool, st_stairs_9, xom_teletrap_fun
D:3:      first_bread, uniq_crazy_yiuf_cottage
D:4:      nicolae_overflow_quartered_altars, hex_tiny,
          nemelex_xobeh_ov_fountains_minmay
D:5:      pf_overflow_fires_of_destruction, temple_fountains,
          roderic_cross_of_infinity, uniq_edmund, uniq_sigmund, uniq_grinder,
          uniq_pikel
D:6:      wad_crossroads
D:7:      grunt_ogre_cave, fedhas_bush_and_centaur_altar
D:8:      lemuel_upstairs_altar, grunt_dithmenos_shadows,
          cheibrodos_ashenzari_chains, vehumet_crystals, dpeg_oklobed_lair,
          serial_shops, shop, uniq_erolcha
D:9:      zin_angel, cheibriados_altar_1
D:10:     minmay_diamond_stairs
Temple:   circular_temple_6
Lair:1:   basic_altar, lemuel_fruit_tree
Lair:2:   minivault_23, guppyfry_lair_drakes, serial_bayou_shore_b,
          uniq_nergalle
Lair:3:   gammafunk_lair_enchanted_lake, swamp_mist, lemuel_fruit_fields,
          infiniplex_staircase_pool
Lair:4:   kennysheep_abandoned_house, grunt_megastairs_2, serial_bayou_shore_a
Lair:5:   grunt_forest_small_clearing_treed, uniq_rupert
Lair:6:   spider_nest_entry_rubble, patterned_corridor
Lair:7:   minmay_slime_entry_pillars, minivault_25, uniq_josephine
Lair:8:   minmay_lair_end_frog_pond, disabler_island

Action                   |  1- 3 |  4- 6 |  7- 9 | 10-12 | 13-15 || total
-------------------------+-------+-------+-------+-------+-------++-------
Melee: Flail             |    69 |   116 |   211 |       |       ||   396
       Whip              |       |       |   127 |   973 |   702 ||  1802
       Broad axe         |       |       |       |       |    69 ||    69
Invok: Heroism           |       |       |       |     2 |     3 ||     5
       Finesse           |       |       |       |     2 |     2 ||     4
 Abil: Evoke Invisibilit |       |       |       |       |     1 ||     1
Evoke: Wand              |       |       |     5 |     6 |    11 ||    22
       Disc of storms    |       |       |       |     1 |     1 ||     2
       Phantom mirror    |       |       |       |     1 |       ||     1
       Deck              |       |       |       |       |     3 ||     3
  Use: Scroll            |       |       |    14 |    10 |    11 ||    35
       Potion            |       |       |     8 |    10 |     5 ||    23
 Stab: Paralysed         |       |       |     5 |       |     2 ||     7
       Fleeing           |       |       |       |     1 |       ||     1
       Distracted        |       |       |       |     1 |       ||     1
       Petrified         |       |       |       |     2 |       ||     2
       Invisible         |       |       |       |       |     2 ||     2
  Eat: Chunk             |       |     8 |    18 |    23 |    19 ||    68
       Fruit             |       |       |       |    15 |     2 ||    17
